MID
DAYTON DRAGONS @ WISCONSIN TIMBER RATTLERS
05/11/2044
 
TOP OF THE 1ST
Dayton Dragons batting - Pitching for Wisconsin Timber Rattlers : RHP Jeff Alanis
Pitching: RHP Jeff Alanis
Batting: LHB Nick Nino 0-0: Ball
1-0: Foul Ball, location: 2F
1-1: Called Strike
1-2: Fly out, F5 (Popup, 56, EV 74.4 MPH)
Batting: LHB Leo Gomez 0-0: Ball
1-0: Ball
2-0: Foul Ball, location: 2F
2-1: Swinging Strike
2-2: SINGLE (Line Drive, 5D, EV 108.1 MPH)
Batting: SHB Kristian Kristensen 0-0: Ball
Wild Pitch!
Leo Gomez to second
1-0: Ball
2-0: Foul Ball, location: 2F
2-1: SINGLE (Groundball, 6D, EV 97.5 MPH)
Leo Gomez to third
Runner from 3rd tries for Home, SAFE, throw by LF to home
Batting: LHB Chris Grunwald 0-0: Ball
1-0: Foul Ball, location: 2F
1-1: Swinging Strike
1-2: Ball
Wild Pitch!
Kristian Kristensen to second
2-2: Strikes out swinging
Batting: RHB John Galluzzo 0-0: Ball
1-0: Swinging Strike
1-1: Ball
2-1: Ground out 5-3 (Groundball, 56, EV 90.6 MPH)
Top of the 1st over - 1 run, 2 hits, 0 errors, 1 left on base; Dayton 1 - Wisconsin 0
BOTTOM OF THE 1ST
Wisconsin Timber Rattlers batting - Pitching for Dayton Dragons : RHP Adam McCurdy
Pitching: RHP Adam McCurdy
Batting: RHB Joe LaDue 0-0: Foul Ball, location: 2F
0-1: Foul Ball, location: 2F
0-2: Ball
1-2: Ball
2-2: Ground out 6-3 (Groundball, 56, EV 85.6 MPH)
Batting: RHB Nick Garland 0-0: Foul Ball, location: 2F
0-1: Called Strike
0-2: Ball
1-2: Foul Ball, location: 2F
1-2: Foul Ball, location: 2F
1-2: Foul Ball, location: 2F
1-2: Ball
2-2: Ball
3-2: Ground out 3-1 (Groundball, 13, EV 86.3 MPH)
Batting: SHB Mitchell Greene 0-0: Ball
1-0: Ball
2-0: Ball
3-0: Called Strike
3-1: Called Strike
3-2: Fly out, F3 (Popup, 34, EV 59.4 MPH)
Bottom of the 1st over - 0 runs, 0 hits, 0 errors, 0 left on base; Dayton 1 - Wisconsin 0
TOP OF THE 2ND
Dayton Dragons batting - Pitching for Wisconsin Timber Rattlers : RHP Jeff Alanis
Batting: LHB Matt Kennedy 0-0: Ball
1-0: Ball
2-0: Foul Ball, location: 2F
2-1: Ball
3-1: Called Strike
3-2: Base on Balls
Batting: RHB Ben Hinman 0-0: SINGLE (Flyball, 8RS, EV 90.6 MPH)
Matt Kennedy to second
Batting: RHB Pat Grover 0-0: Called Strike
0-1: Foul Ball, location: 2F
0-2: Fly out, F8 (Flyball, 8LS, EV 91.3 MPH)
Batting: RHB Jonathan Davis 0-0: Ball
1-0: Called Strike
1-1: Called Strike
1-2: Fielders Choice at 2nd, 1-4 (Groundball, 15S, EV 73.1 MPH)
Matt Kennedy to third
Batting: LHB Nick Nino 0-0: Ball
1-0: Fly out, F8 (Flyball, 8RS, EV 80.6 MPH)
Top of the 2nd over - 0 runs, 1 hit, 0 errors, 2 left on base; Dayton 1 - Wisconsin 0
BOTTOM OF THE 2ND
Wisconsin Timber Rattlers batting - Pitching for Dayton Dragons : RHP Adam McCurdy
Batting: RHB Jeff Cornett 0-0: Ball
1-0: Ball
2-0: Foul Ball, location: 2F
2-1: Ball
3-1: Called Strike
3-2: Ground out 6-3 (Groundball, 6, EV 85.0 MPH)
Batting: RHB Gene Sutton 0-0: Foul Ball, location: 2F
0-1: Swinging Strike
0-2: Ball
1-2: Ball
2-2: Ground out 5-3 (Groundball, 56S, EV 78.8 MPH)
Batting: RHB Bryant Thies 0-0: Called Strike
0-1: Ball
1-1: Ball
2-1: Ball
3-1: Reached via error on a dropped throw from 1B, E1 (Groundball, 34, EV 90.6 MPH)
Batting: RHB Raymond Young 0-0: Ball
Bryant Thies steals 2nd base
1-0: Ball
2-0: Ball
3-0: Base on Balls
Batting: RHB Tyler Badillo 0-0: Ball
1-0: Foul Ball, location: 2F
1-1: Called Strike
1-2: Fielders Choice at 2nd, 5-4 (Groundball, 5, EV 91.9 MPH)
Bottom of the 2nd over - 0 runs, 0 hits, 1 error, 2 left on base; Dayton 1 - Wisconsin 0
TOP OF THE 3RD
Dayton Dragons batting - Pitching for Wisconsin Timber Rattlers : RHP Jeff Alanis
Batting: LHB Leo Gomez 0-0: Called Strike
0-1: Ball
1-1: Fly out, F3 (Line Drive, 3, EV 73.1 MPH)
Batting: SHB Kristian Kristensen 0-0: Swinging Strike
0-1: Ground out 6-3 (Groundball, 6, EV 85.6 MPH)
Batting: LHB Chris Grunwald 0-0: Ball
1-0: Foul Ball, location: 2F
1-1: Ball
2-1: SINGLE (Groundball, 6MS, EV 75.0 MPH) (infield hit)
Batting: RHB John Galluzzo 0-0: Ball
Chris Grunwald steals 2nd base
1-0: Ball
2-0: Foul Ball, location: 2F
2-1: SINGLE (Flyball, 56D, EV 93.8 MPH)
Chris Grunwald to third
Runner from 3rd tries for Home, throw by LF and OUT! 7-2
Top of the 3rd over - 0 runs, 2 hits, 0 errors, 1 left on base; Dayton 1 - Wisconsin 0
BOTTOM OF THE 3RD
Wisconsin Timber Rattlers batting - Pitching for Dayton Dragons : RHP Adam McCurdy
Batting: RHB Derek Halliwill 0-0: Called Strike
0-1: Ground out 6-3 (Groundball, 6, EV 75.6 MPH)
Batting: RHB Joe LaDue 0-0: SINGLE (Line Drive, 9LS, EV 107.5 MPH)
Batting: RHB Nick Garland 0-0: Called Strike
Joe LaDue steals 2nd base
0-1: Ground out 4-3 (Groundball, 4, EV 100.0 MPH)
Joe LaDue to third
Batting: SHB Mitchell Greene 0-0: Called Strike
0-1: Swinging Strike
0-2: Ball
1-2: Foul Ball, location: 2F
1-2: Foul Ball, location: 2F
1-2: Strikes out swinging
Bottom of the 3rd over - 0 runs, 1 hit, 0 errors, 1 left on base; Dayton 1 - Wisconsin 0
TOP OF THE 4TH
Dayton Dragons batting - Pitching for Wisconsin Timber Rattlers : RHP Jeff Alanis
Batting: LHB Matt Kennedy 0-0: Ground out 6-3 (Groundball, 6M, EV 82.5 MPH)
Batting: RHB Ben Hinman 0-0: Ball
1-0: Ball
2-0: Ground out 5-3 (Groundball, 56S, EV 71.9 MPH)
Batting: RHB Pat Grover 0-0: Ball
1-0: SINGLE (Groundball, 6D, EV 95.0 MPH)
Batting: RHB Jonathan Davis 0-0: Ball
1-0: Called Strike
1-1: Ball
2-1: Foul Ball, location: 2F
2-2: Ground out 1-3 (Groundball, 13, EV 66.9 MPH)
Top of the 4th over - 0 runs, 1 hit, 0 errors, 1 left on base; Dayton 1 - Wisconsin 0
BOTTOM OF THE 4TH
Wisconsin Timber Rattlers batting - Pitching for Dayton Dragons : RHP Adam McCurdy
Batting: RHB Jeff Cornett 0-0: Called Strike
0-1: Foul Ball, location: 2F
0-2: Ball
1-2: Ground out 6-3 (Groundball, 6, EV 88.1 MPH)
Batting: RHB Gene Sutton 0-0: Ball
1-0: Foul Ball, location: 2F
1-1: Foul Ball, location: 2F
1-2: Fly out, F8 (Flyball, 8RM, EV 96.3 MPH)
Batting: RHB Bryant Thies 0-0: Ball
1-0: Ball
2-0: Fly out, F9 (Line Drive, 9D, EV 88.8 MPH)
Bottom of the 4th over - 0 runs, 0 hits, 0 errors, 0 left on base; Dayton 1 - Wisconsin 0
TOP OF THE 5TH
Dayton Dragons batting - Pitching for Wisconsin Timber Rattlers : RHP Jeff Alanis
Batting: LHB Nick Nino 0-0: Called Strike
0-1: Called Strike
0-2: Ball
1-2: Ground out 1-3 (Groundball, 34S, EV 61.9 MPH)
Batting: LHB Leo Gomez 0-0: Called Strike
0-1: Ball
1-1: Ball
2-1: SINGLE (Groundball, 56D, EV 101.3 MPH)
Batting: SHB Kristian Kristensen 0-0: Ball
Leo Gomez steals 2nd base (no throw)
1-0: Foul Ball, location: 2F
1-1: Ball
2-1: Foul Ball, location: 2F
2-2: Foul Ball, location: 2F
2-2: Ball
Wild Pitch!
Leo Gomez to third
3-2: Foul Ball, location: 2F
3-2: Hit by Pitch
Batting: LHB Chris Grunwald 0-0: Called Strike
0-1: Foul Ball, location: 2F
0-2: SINGLE (Line Drive, 3D, EV 108.1 MPH)
Leo Gomez scores
Kristian Kristensen to second
Pitching: RHP Justin Orr
Batting: RHB John Galluzzo 0-0: Called Strike
0-1: 3-RUN HOME RUN (Flyball, 7D, EV 93.8 MPH), Distance : 363 ft
Batting: LHB Matt Kennedy 0-0: Called Strike
0-1: Fly out, F9 (Flyball, 9, EV 77.5 MPH)
Batting: RHB Ben Hinman 0-0: Ball
1-0: Called Strike
1-1: Swinging Strike
1-2: Ball
2-2: Ball
3-2: Foul Ball, location: 2F
3-2: Ground out 6-3 (Groundball, 6, EV 90.6 MPH)
Top of the 5th over - 4 runs, 3 hits, 0 errors, 0 left on base; Dayton 5 - Wisconsin 0
BOTTOM OF THE 5TH
Wisconsin Timber Rattlers batting - Pitching for Dayton Dragons : RHP Adam McCurdy
Batting: RHB Raymond Young 0-0: Ground out U3 (Groundball, 34S, EV 91.3 MPH)
Batting: RHB Tyler Badillo 0-0: Called Strike
0-1: Ball
1-1: Ground out 3-1 (Groundball, 13, EV 88.8 MPH)
Batting: RHB Derek Halliwill 0-0: Foul Ball, location: 2F
0-1: Ground out 4-3 (Groundball, 4MD, EV 81.9 MPH)
Bottom of the 5th over - 0 runs, 0 hits, 0 errors, 0 left on base; Dayton 5 - Wisconsin 0
TOP OF THE 6TH
Dayton Dragons batting - Pitching for Wisconsin Timber Rattlers : RHP Justin Orr
Batting: RHB Pat Grover 0-0: Ball
1-0: Ball
2-0: Fly out, F8 (Line Drive, 8RM, EV 93.1 MPH)
Batting: RHB Jonathan Davis 0-0: Called Strike
0-1: DOUBLE (Flyball, 78XD, EV 103.8 MPH)
Batting: LHB Nick Nino 0-0: Ball
Wild Pitch!
Jonathan Davis to third
1-0: SINGLE (Groundball, 6M, EV 105.6 MPH) (infield hit)
Jonathan Davis scores
Batting: LHB Leo Gomez 0-0: Ball
1-0: Called Strike
1-1: Ball
Nick Nino steals 2nd base (no throw)
2-1: Foul Ball, location: 2F
2-2: Foul Ball, location: 2F
2-2: Ball
3-2: Fly out, F7 (Flyball, 7S, EV 88.1 MPH)
Batting: SHB Kristian Kristensen 0-0: Foul Ball, location: 2F
0-1: Ground out 6-3 (Groundball, 6, EV 100.0 MPH)
Top of the 6th over - 1 run, 2 hits, 0 errors, 1 left on base; Dayton 6 - Wisconsin 0
BOTTOM OF THE 6TH
Wisconsin Timber Rattlers batting - Pitching for Dayton Dragons : RHP Adam McCurdy
Batting: RHB Joe LaDue 0-0: Ball
1-0: Ball
2-0: Swinging Strike
2-1: Foul Ball, location: 2F
2-2: Foul Ball, location: 2F
2-2: Strikes out swinging
Batting: RHB Nick Garland 0-0: Foul Ball, location: 2F
0-1: Ground out 6-3 (Groundball, 6D, EV 90.0 MPH)
Batting: SHB Mitchell Greene 0-0: Called Strike
0-1: Ball
1-1: Called Strike
1-2: Ground out 4-3 (Groundball, 4, EV 104.4 MPH)
Bottom of the 6th over - 0 runs, 0 hits, 0 errors, 0 left on base; Dayton 6 - Wisconsin 0
TOP OF THE 7TH
Dayton Dragons batting - Pitching for Wisconsin Timber Rattlers : RHP Justin Orr
Batting: LHB Chris Grunwald 0-0: Ball
1-0: Ball
2-0: Ball
3-0: Called Strike
3-1: Base on Balls
Batting: RHB John Galluzzo 0-0: Called Strike
0-1: Foul Ball, location: 2F
0-2: Foul Ball, location: 2F
0-2: Strikes out looking
Batting: LHB Matt Kennedy 0-0: Called Strike
Chris Grunwald steals 2nd base
0-1: Ball
1-1: Ball
2-1: Called Strike
2-2: Fly out, F9 (Flyball, 89M, EV 88.1 MPH)
Runner from 2nd tags up, OUT at 3rd! 9-5
Top of the 7th over - 0 runs, 0 hits, 0 errors, 0 left on base; Dayton 6 - Wisconsin 0
BOTTOM OF THE 7TH
Wisconsin Timber Rattlers batting - Pitching for Dayton Dragons : RHP Adam McCurdy
Batting: RHB Jeff Cornett 0-0: Ball
1-0: Foul Ball, location: 2F
1-1: Fly out, F8 (Flyball, 8RM, EV 91.9 MPH)
Batting: RHB Gene Sutton 0-0: Foul Ball, location: 2F
0-1: Ball
1-1: Ball
2-1: Ground out 1-3 (Groundball, 15S, EV 71.3 MPH)
Batting: RHB Bryant Thies 0-0: Ball
1-0: Ground out U3 (Groundball, 3L, EV 85.6 MPH)
Bottom of the 7th over - 0 runs, 0 hits, 0 errors, 0 left on base; Dayton 6 - Wisconsin 0
TOP OF THE 8TH
Dayton Dragons batting - Pitching for Wisconsin Timber Rattlers : RHP Justin Orr
Batting: RHB Ben Hinman 0-0: Called Strike
0-1: Called Strike
0-2: Ball
1-2: Foul Ball, location: 2F
1-2: Foul Ball, location: 2F
1-2: Fly out, F9 (Line Drive, 9D, EV 93.1 MPH)
Batting: RHB Pat Grover 0-0: Ball
1-0: Ball
2-0: Ground out 5-3 (Groundball, 56S, EV 84.4 MPH)
Batting: RHB Jonathan Davis 0-0: Called Strike
0-1: Ball
1-1: Ground out 6-3 (Groundball, 6, EV 90.0 MPH)
Top of the 8th over - 0 runs, 0 hits, 0 errors, 0 left on base; Dayton 6 - Wisconsin 0
BOTTOM OF THE 8TH
Wisconsin Timber Rattlers batting - Pitching for Dayton Dragons : RHP Adam McCurdy
Pitching: RHP Doug Elliott
Batting: RHB Raymond Young 0-0: Foul Ball, location: 2F
0-1: Foul Ball, location: 2F
0-2: Ball
1-2: Ball
2-2: Strikes out swinging
Pinch Hitting: LHB Andy Sanchez 0-0: Ball
1-0: Foul Ball, location: 2F
1-1: Ball
2-1: Swinging Strike
2-2: Foul Ball, location: 2F
2-2: Fly out, F9 (Flyball, 9D, EV 76.3 MPH)
Batting: RHB Derek Halliwill 0-0: Ball
1-0: Called Strike
1-1: Fly out, F9 (Flyball, 9D, EV 95.6 MPH)
Bottom of the 8th over - 0 runs, 0 hits, 0 errors, 0 left on base; Dayton 6 - Wisconsin 0
TOP OF THE 9TH
Dayton Dragons batting - Pitching for Wisconsin Timber Rattlers : RHP Justin Orr
Pitching: LHP Paul Schumacher
Now at 1B: Eddie McCoy
Now at 3B: Nick Garland
Batting: LHB Nick Nino 0-0: Foul Ball, location: 2F
0-1: Foul Ball, location: 2F
0-2: Ball
1-2: SINGLE (Groundball, 4MD, EV 106.9 MPH)
Batting: LHB Leo Gomez 0-0: Ball
1-0: Called Strike
1-1: Ball
2-1: Ball
3-1: Foul Ball, location: 2F
3-2: Grounds into double play, 4-6-3 (Groundball, 4, EV 78.8 MPH)
Batting: SHB Kristian Kristensen 0-0: Ground out 4-3 (Groundball, 34, EV 87.5 MPH)
Top of the 9th over - 0 runs, 1 hit, 0 errors, 0 left on base; Dayton 6 - Wisconsin 0
BOTTOM OF THE 9TH
Wisconsin Timber Rattlers batting - Pitching for Dayton Dragons : RHP Doug Elliott
Batting: RHB Joe LaDue 0-0: Ball
1-0: Foul Ball, location: 2F
1-1: Ball
2-1: Ball
3-1: Foul Ball, location: 2F
3-2: SINGLE (Groundball, 3S, EV 77.5 MPH) (infield hit)
Batting: RHB Nick Garland 0-0: Swinging Strike
0-1: Ball
1-1: Ball
2-1: Fly out, F8 (Flyball, 8LS, EV 88.8 MPH)
Batting: SHB Mitchell Greene 0-0: Ball
1-0: Foul Ball, location: 2F
1-1: Fielders Choice at 2nd, 1-6 (Groundball, 13S, EV 71.9 MPH)
Batting: RHB Jeff Cornett 0-0: Ball
1-0: Called Strike
1-1: Called Strike
1-2: Ball
2-2: Ball
3-2: Strikes out swinging
Bottom of the 9th over - 0 runs, 1 hit, 0 errors, 1 left on base; Dayton 6 - Wisconsin 0
Thursday, March 31st , 2022 - OOTP Baseball 22.12 Build 89